 Dungeon Crawl Stone Soup version 0.29-a0-559-g359e09b9d1 (webtiles) character file.

Game seed: 16843405976648586053

242 Pelinal the Ruffian (level 5, -7/50 HPs)
             Began as a Troll Cinder Acolyte on June 9, 2022.
             Was a High Priest of Ignis.
             Mangled by Menkaure (14 damage)
             ... on level 4 of the Dungeon.
             The game lasted 00:03:46 (1957 turns).

Pelinal the Ruffian (Troll Cinder Acolyte)          Turns: 1957, Time: 00:03:47

Health: -7/50      AC: 16    Str: 22    XL:     5   Next: 82%
Magic:  5/5        EV:  6    Int: 16    God:    Ignis [*****.]
Gold:   201        SH: 10    Dex:  7    Spells: 6/6 levels left

rFire   + . .      SeeInvis .     - Unarmed
rCold   . . .      Faith    .   q - +0 tower shield
rNeg    . . .      Spirit   .   a - +0 robe
rPois   .          Reflect  .   (helmet restricted)
rElec   .          Harm     .   n - +0 cloak
rCorr   .          Rampage  .   (gloves unavailable)
Will    .....                   (boots unavailable)
Stlth   +.........              (no amulet)
HPRegen 0.96/turn               c - +4 ring of protection
MPRegen 0.09/turn               f - +6 ring of intelligence

@: fiery-armoured
A: large, unfitting armour, claws 3, regeneration 1, shaggy fur 1, tough skin 1
a: Renounce Religion, Fiery Armour, Foxfire Swarm, Rising Flame


You were on level 4 of the Dungeon.
You worshipped Ignis.
Ignis was extremely pleased with you.
You visited 1 branch of the dungeon, and saw 4 of its levels.

You collected 201 gold pieces.

Inventory:

Missiles
 t - 3 poisoned darts (quivered)
 x - a throwing net
Armour
 a - a +0 robe (worn)
 n - a +0 cloak (worn)
 q - a +0 tower shield (worn)
Jewellery
 c - a +4 ring of protection (left claw)
 f - a +6 ring of intelligence (right claw)
Wands
 s - a wand of flame (59)
Scrolls
 b - 2 scrolls of poison {unknown}
 d - a scroll of blinking {unknown}
 e - a scroll of noise {unknown}
 h - a scroll of fog {unknown}
 i - a scroll of enchant weapon {unknown}
 j - a scroll of enchant armour {unknown}
 l - a scroll of silence {unknown}
 m - 2 scrolls of identify {unknown}
 v - a scroll of amnesia {unknown}
Potions
 g - a potion of brilliance {unknown}
 k - a potion of might
 o - 2 potions of lignification {unknown}
 p - 2 potions of haste {unknown}
 r - a potion of curing {unknown}
 u - a potion of heal wounds {unknown}
 w - a potion of flight {unknown}


   Skills:
 - Level 2.4 Fighting
 + Level 2.6 Shields
 + Level 5.7 Unarmed Combat
 - Level 1.0 Spellcasting
 - Level 2.2 Fire Magic


You had 6 spell levels left.
You didn't know any spells.
Your spell library contained the following spells:

 Spells                   Type           Power      Damage    Failure   Level
 Scorch                   Fire           14%        2d6       71%         2
 Sandblast                Erth           0%         2d4       86%         1
 Sting                    Tmut/Pois      0%         1d3       86%         1
 Passwall                 Tmut/Erth      0%         N/A       95%         2
 Poisonous Vapours        Pois/Air       0%         N/A       95%         2
 Stone Arrow              Conj/Erth      0%         3d7       99%         3
 Olgreb's Toxic Radiance  Pois           0%         N/A       100%        4
 Iskenderun's Battlesphe  Conj           0%         2d6       100%        5
 Iron Shot                Conj/Erth      0%         9d1       100%        6
 Spellforged Servitor     Conj/Summ      0%         N/A       100%        7


Dungeon Overview and Level Annotations

Branches:
Dungeon (4/15)
 Temple: D:4-7

Altars:

Annotations:
D:4 Menkaure


Innate Abilities, Weirdness & Mutations

You are too large for most types of armour.
You have claws for hands.
Your natural rate of healing is unusually fast.
You are covered in fur. (AC +1)
You have tough skin. (AC +1)


Message History

The adder closely misses you.
You miss the adder.
The adder is severely wounded.
You block the adder's attack.
Menkaure mumbles some strange words.
Menkaure seems to speed up.
Unknown command.
You miss the adder.
The adder is severely wounded.
You block the adder's attack.
Menkaure calls on the powers of darkness!
The adder convulses!
Your body is wracked with pain!
* * * LOW HITPOINT WARNING * * *
You block the adder's attack.
Okay, then.
You barely miss the adder.
The adder is severely wounded.
The adder bites you but does no damage.
The adder is burned by your cloak of flames.
You kill the adder!
You barely miss Menkaure. You block Menkaure's attack. Menkaure hits you!
* * * LOW HITPOINT WARNING * * *
Menkaure is burned terribly!
Menkaure is burned by your cloak of flames.
Menkaure is lightly damaged.
Unknown command.
You scratch Menkaure.
Menkaure is moderately damaged.
Menkaure barely misses you.
Unknown command.
You claw Menkaure!
Menkaure is almost destroyed.
Menkaure calls on the powers of darkness!
Your body is wracked with pain!
* * * LOW HITPOINT WARNING * * *
Unknown command.
You barely miss Menkaure.
Menkaure is almost destroyed.
Menkaure hits you!
You die...

#.....#......
.##.....#......
>.......#......
...............
...............
..........#####
......#........
......#M#######
.....
#@#..#######
....<
#...........
#########.....###
.........#...#
######.#.#.#.#
.......<..# #
#####...#.#
###.#.# ..# #


You could see Menkaure (fast).

Vanquished Creatures
  Crazy Yiuf (D:3)
  Ijyb (D:3)
  Natasha (thrice) (D:3)
  4 adders
  2 dart slugs (D:1)
  9 orcs (D:3)
  4 endoplasms
  5 giant cockroaches
  7 goblins
  6 hobgoblins
  4 quokkas
  12 ball pythons
  2 bats (D:1)
  4 kobolds
  5 rats
69 creatures vanquished.

Notes
Turn   | Place    | Note
-------+----------+-------------------------------------------
     0 | D:1      | Pelinal the Troll Cinder Acolyte began the quest for the
                  | Orb.
     0 | D:1      | Reached XP level 1. HP: 22/22 MP: 1/1
    48 | D:1      | Reached XP level 2. HP: 28/29 MP: 2/2
   241 | D:1      | Reached skill level 4 in Unarmed Combat
   612 | D:1      | Reached XP level 3. HP: 36/36 MP: 3/3
   926 | D:2      | Found a faded altar of an unknown god.
  1429 | D:3      | Reached XP level 4. HP: 40/44 MP: 4/4
  1517 | D:3      | Reached skill level 1 in Shields
  1559 | D:3      | Reached skill level 5 in Unarmed Combat
  1589 | D:3      | Noticed Ijyb
  1612 | D:3      | Killed Ijyb
  1758 | D:3      | Noticed Natasha
  1762 | D:3      | Killed Natasha
  1763 | D:3      | Reached XP level 5. HP: 46/50 MP: 5/5
  1790 | D:3      | Found a runed translucent door.
  1791 | D:3      | Noticed Crazy Yiuf
  1798 | D:3      | Killed Crazy Yiuf
  1840 | D:3      | Noticed Natasha
  1847 | D:3      | Killed Natasha
  1854 | D:3      | Noticed Natasha
  1864 | D:3      | Killed Natasha
  1941 | D:4      | Noticed Menkaure
  1957 | D:4      | Mangled by Menkaure

Illustrated notes

Levels and vault maps discovered:
D:1:      scummos_arrival_checkerplants, layout_basic, minmay_heptomino_h4
D:2:      layout_loops_ring, shapermc_ecumenical_altar_totnotflames
D:3:      layout_rooms, st_stairs_2, uniq_natasha, uniq_crazy_yiuf_cottage,
          uniq_ijyb
D:4:      layout_basic, grunt_temple_overflow_growth_and_decay,
          minmay_overflow_temple_star_quad, minmay_temple_entry_slanted,
          enter_ossuary_3, uniq_grinder, uniq_menkaure

Skill      XL: |  1  2  3  4  5 |
---------------+----------------+-----
Unarmed Combat | 4 5 |  5.7
Shields        | 1 2 |  2.6
Fighting       | |  2.4
Spellcasting   | |  1.0
Fire Magic     | |  2.2

Action                   |  1- 3 |  4- 6 || total
-------------------------+-------+-------++-------
Melee: Unarmed           |   117 |    75 ||   192
       Punch             |     2 |       ||     2
Invok: Fiery Armour      |       |     1 ||     1
Evoke: Wand              |       |     2 ||     2
Armor: Robe              |    41 |    37 ||    78
Dodge: Dodged            |    48 |    19 ||    67
Block: Tower shield      |     9 |    28 ||    37

Table legend: (Time is in decaauts)
 A = Elapsed time spent in this place.
 B = Non-inter-level travel time spent in this place.
 C = Inter-level travel time spent in this place.
 D = Time resting spent in this place.
 E = Time spent auto-exploring this place.
 F = Levels seen in this place.
 G = Mean time per level.
                   A        B        C        D        E       F      G
               +--------+--------+--------+--------+--------+-----+--------+
         Total |   1968 |   1870 |     98 |      0 |   1363 |   4 |  492.0 |
       Dungeon |   1968 |   1870 |     98 |      0 |   1363 |   4 |  492.0 |
               +--------+--------+--------+--------+--------+-----+--------+

Top non-repeatable levels by time:
     D:1: 703 daAuts
     D:2: 699 daAuts
     D:3: 541 daAuts
     D:4: 25 daAuts
